 Dungeon Crawl Stone Soup version 0.31-a0-986-g5e6e4ef867 (webtiles) character file.

Game seed: 13469582591053607060

39 jasper the Changeling (level 3, 26/26 HPs)
             Began as a Demonspawn Shapeshifter on Nov 20, 2023.
             Quit the game on level 2 of the Dungeon.
             The game lasted 00:02:01 (790 turns).

jasper the Changeling (Demonspawn Shapeshifter)      Turns: 790, Time: 00:02:01

Health: 26/26      AC:  5    Str: 14    XL:     3   Next: 26%
Magic:  3/3        EV: 11    Int: 11    God:
Gold:   88         SH:  4    Dex: 14    Spells: 2/2 levels left

rFire   . .          .
                       - Unarmed
rCold   + . .        (no shield)
rNeg    . . .        h - +0 ring mail
rPois   .            (helmet currently unavailable)
rElec   .            (cloak currently unavailable)
rCorr   .            (gloves currently unavailable)
SInv    .            (boots currently unavailable)
Will    .....        (no amulet)
Stlth   +            j - ring of protection from cold
HPRegen 0.24/turn    (no ring)
MPRegen 0.08/turn

%: no passive effects
@: beast-form
A: beast (slay +2), horns 1, large bone plates 1
a: Begin Untransformation


You were on level 2 of the Dungeon.
You were a hulking beast.
You visited 1 branch of the dungeon, and saw 2 of its levels.

You collected 88 gold pieces.

Inventory:

Missiles
 k - 6 stones (quivered)
Armour
 a - a +0 animal skin
 h - a +0 ring mail (worn)
Jewellery
 j - a ring of protection from cold (left hand)
Talismans
 c - a beast talisman
 d - a flux talisman
Scrolls
 f - 2 scrolls of identify
Potions
 b - 2 potions of lignification
 e - a potion of might
 g - a potion of mutation
 i - 2 potions of curing


   Skills:
 - Level 1.0 Fighting
 - Level 1.7 Dodging
 - Level 2.6 Unarmed Combat
 + Level 3.8 Shapeshifting


You had 2 spell levels left.
You didn't know any spells.
Your spell library was empty.

Dungeon Overview and Level Annotations

Branches:
Dungeon (2/15)

Altars:


Innate Abilities, Weirdness & Mutations

You are a hulking beast.
Your limbs bulge with bestial killing power. (Slay +2)
You have a pair of small horns on your head.
You are partially covered in large bone plates. (SH +4)


Message History

You hit the giant cockroach but do no damage.
The giant cockroach is almost dead.
The giant cockroach bites you but does no damage.
You hit the giant cockroach.
You kill the giant cockroach!
The worm barely misses you.
Things that are here:
12 gold pieces; a quokka corpse
Found a scroll of identify.
You hit the worm.
The worm is moderately wounded.
The worm bites you!
You take 8 damage, and have 18/26 hp.
MASSIVE DAMAGE!!
You hit the worm. You headbutt the worm. Your punch misses the worm.
The worm is heavily wounded.
You hit the worm. You headbutt the worm.
You kill the worm!
You see here 4 stones.
k - 4 stones You now have 88 gold pieces (gained 12).
You see here a quokka corpse.
f - 2 scrolls of identify (gained 1)
i - 2 potions of curing (gained 1)
k - 6 stones (gained 2)
You see here a +0 short sword.
You see here a +0 short sword.
There is an open door here.
You open the door.
There is an open door here.
Found a falchion.
Health restored: 26 A frilled lizard comes into view.
The frilled lizard hisses angrily.
A frilled lizard is nearby!
You see here 4 stones.
The frilled lizard bites you but does no damage.
You hit the frilled lizard.
You kill the frilled lizard!
You see here a frilled lizard corpse.
Are you sure you want to abandon this character and quit the game? (Confirm with "yes".)

##. #.. #.. #..
#.######. # #.#
#.#..... . #.
##.###.#...##.#
#.###...##........#
##.................#
.........##h......#
#.........(....###
####...#####...#
#...#########
#...........#
........#######.#
#####..## #.# #..#
#.# #..# #.#


There were no monsters in sight!

Vanquished Creatures
  A worm (D:2)
  4 ball pythons (D:1)
  4 endoplasms
  4 giant cockroaches
  5 goblins
  3 kobolds
  3 quokkas
  3 bats (D:1)
  2 frilled lizards
  2 rats
31 creatures vanquished.

Notes
Turn   | Place    | Note
-------+----------+-------------------------------------------
     0 | D:1      | jasper the Demonspawn Shapeshifter began the quest for the
                  | Orb.
     0 | D:1      | Reached XP level 1. HP: 15/15 MP: 1/1
    76 | D:1      | Reached skill level 3 in Shapeshifting
   153 | D:1      | Gained mutation: You are partially covered in large bone
                  | plates. (SH +4) [demonic ancestry]
   153 | D:1      | Reached XP level 2. HP: 18/21 MP: 2/2
   608 | D:2      | Gained mutation: You have a pair of small horns on your
                  | head. [demonic ancestry]
   608 | D:2      | Reached XP level 3. HP: 26/26 MP: 3/3
   790 | D:2      | Quit the game

Illustrated notes

Levels and vault maps discovered:
D:1:      lemuel_arrival_funnel, layout_rooms
D:2:      layout_loops_ring, serial_shops, shop, grunt_ministairs_14,
          hangedman_feature_mirror, minmay_misc_feat_secret_circle

Skill      XL: |  1 |
---------------+----+-----
Shapeshifting  | 3 |  3.8
Fighting       | |  1.0
Dodging        | |  1.7
Unarmed Combat | |  2.6

Action                     || total
---------------------------++-------
  Melee: Unarmed           ||    88
         Headbutt          ||     2
         Punch             ||     1
    Use: Scroll            ||     4
 Armour: Animal skin       ||    21
         Ring mail         ||    36
  Dodge: Dodged            ||    48
  Block: Other             ||    14

Table legend: (Time is in decaauts)
 A = Elapsed time spent in this place.
 B = Non-inter-level travel time spent in this place.
 C = Inter-level travel time spent in this place.
 D = Time resting spent in this place.
 E = Time spent auto-exploring this place.
 F = Levels seen in this place.
 G = Mean time per level.
                   A        B        C        D        E       F      G
               +--------+--------+--------+--------+--------+-----+--------+
         Total |    785 |    767 |     18 |      0 |    518 |   2 |  392.5 |
       Dungeon |    785 |    767 |     18 |      0 |    518 |   2 |  392.5 |
               +--------+--------+--------+--------+--------+-----+--------+

Top non-repeatable levels by time:
     D:1: 532 daAuts
     D:2: 252 daAuts
